 Dungeon Crawl Stone Soup version 0.31-a0-799-g6bc09d010c (webtiles) character file.

Game seed: 12603471752417696305

89 Newt the Trooper (level 4, -7/38 HPs)
             Began as a Demonspawn Gladiator on Sept 19, 2023.
             Killed by divine providence
             ... invoked by an orc priest
              (14 damage)
             ... on level 4 of the Dungeon.
             The game lasted 00:02:02 (2582 turns).

Newt the Trooper (Demonspawn Gladiator)             Turns: 2582, Time: 00:02:03

Health: -7/38      AC:  5    Str: 16    XL:     4   Next: 31%
Magic:  4/4        EV: 12    Int:  9    God:
Gold:   131        SH:  5    Dex: 15    Spells: 3/3 levels left

rFire   . . .        m - +0 dagger (vamp)
rCold   . . .        (no shield)
rNeg    . . .        b - +0 leather armour
rPois   .            (helmet restricted)
rElec   .            (no cloak)
rCorr   .            h - +1 pair of gloves
SInv    .            (no boots)
Will    .....        t - amulet of reflection
Stlth   +            (no ring)
HPRegen 0.26/turn    (no ring)
MPRegen 0.09/turn

%: reflection
@: no status effects
A: antennae 1, claws 1, hooves 1
a: no special abilities


You were on level 4 of the Dungeon.
You visited 1 branch of the dungeon, and saw 4 of its levels.

You collected 131 gold pieces.

Inventory:

Hand Weapons
 a - a +0 rapier
 m - a +0 vampiric dagger (weapon)
 p - a +0 dagger of draining
 v - a +2 heavy sling
Missiles
 d - 2 throwing nets (quivered)
 e - a javelin
Armour
 b - a +0 leather armour (worn)
 c - a +0 helmet
 h - a +1 pair of gloves (worn)
Jewellery
 t - an amulet of reflection (around neck)
Scrolls
 o - 2 scrolls of vulnerability
Potions
 i - 2 potions of attraction {unknown}
 j - a potion of brilliance
 k - a potion of mutation
 l - a potion of heal wounds {unknown}
 n - 2 potions of degeneration {unknown}
 s - a potion of resistance {unknown}


   Skills:
 + Level 4.6 Fighting
 - Level 2.6 Short Blades
 - Level 1.7 Throwing
 - Level 2.6 Dodging


You had 3 spell levels left.
You didn't know any spells.
Your spell library contained the following spells:

 Spells                   Type           Power      Damage    Failure   Level
 Stone Arrow              Conj/Erth      0%         3d7       83%         3
 Animate Armour           Summ/Erth      0%         N/A       99%         4
 Lehudib's Crystal Spear  Conj/Erth      0%         10d2      100%        8


Dungeon Overview and Level Annotations

Branches:
Dungeon (4/15)             Temple (0/1) D:4

Altars:


Innate Abilities, Weirdness & Mutations

You have a pair of small antennae on your head.
You have sharp fingernails.
You have large cloven feet.


Message History

The orc is almost dead.
Something hits you.
You closely miss the orc. You kick the orc, but do no damage.
The orc is almost dead.
You completely miss the orc. You kick the orc.
You kill the orc!
A magic dart appears from out of thin air!
The magic dart hits you!
A scorpion comes into view.
Found a glowing robe.
The orc priest hits you with a +0 mace. Something hits you but does no damage.
The dart slug launches a dart at you. The slug dart misses you.
The scorpion moves out of view.
Things that are here:
a +0 club; a +0 ring mail; an orc corpse You are too injured to fight recklessly!
Unknown command.
Something hits you.
You barely miss the orc priest. Your kick misses the orc priest.
The orc priest hits you but does no damage.
Something hits you.
* * * LOW HITPOINT WARNING * * *
Unknown command.
Throw: 3 throwing nets
Press: ? - help, Q - select action, (/) - cycle Shift-Dir - straight line, f - orc priest
Aim: an orc priest, wielding a +0 mace and wearing a +0 ring mail (61% to hit)
You throw a throwing net. The throwing net hits the orc priest.
The orc priest is caught in the net!
Something hits you.
* * * LOW HITPOINT WARNING * * *
The dart slug briefly extends its eye-stalks.
You hit the orc priest but do no damage.
The orc priest struggles against the net.
Something hits you.
* * * LOW HITPOINT WARNING * * *
You hit the orc priest but do no damage.
You kick the orc priest, but do no damage.
The orc priest mumbles some strange prayers to Beogh against you.
Beogh smites you!
You die...

....... ....... ....8..
....8.. [...... .......
...8... .s...8. .#
....... ..... . #.#
..8..{w.. 8.. ###.#
#..#{#..# ..#.######o..#
##.#...#.@#.#..#
##.#...........)).. .
##.#......?......... #.
##.#..........:......
..###.#..................
...#.#.......#.##...##.#.
....#.......#.#.##.## #.
.#.#........######+#
....†.###..........


You could see a scorpion, an orc priest (caught) and a dart slug.

Vanquished Creatures
  An adder (D:3)
  2 worms
  4 dart slugs
  An orc (D:4)
  9 endoplasms
  4 giant cockroaches
  7 goblins
  6 hobgoblins
  4 quokkas
  6 ball pythons
  2 bats
  6 frilled lizards
  5 kobolds
  4 rats
61 creatures vanquished.

Notes
Turn   | Place    | Note
-------+----------+-------------------------------------------
     0 | D:1      | Newt the Demonspawn Gladiator began the quest for the Orb.
     0 | D:1      | Reached XP level 1. HP: 16/16 MP: 1/1
   112 | D:1      | Discovered your monstrous ancestry.
   112 | D:1      | Gained mutation: You have sharp fingernails. [demonic
                  | ancestry]
   112 | D:1      | Reached XP level 2. HP: 23/23 MP: 2/2
   126 | D:1      | Reached skill level 3 in Fighting
   571 | D:1      | Gained mutation: You have large cloven feet. [demonic
                  | ancestry]
   571 | D:1      | Reached XP level 3. HP: 29/29 MP: 3/3
  1286 | D:2      | Reached skill level 4 in Fighting
  2220 | D:3      | Gained mutation: You have a pair of small antennae on your
                  | head. [demonic ancestry]
  2220 | D:3      | Reached XP level 4. HP: 38/38 MP: 4/4
  2555 | D:4      | Found a staircase to the Ecumenical Temple.
  2577 | D:4      | Noticed a scorpion
  2582 | D:4      | Killed from afar by an orc priest

Illustrated notes

Levels and vault maps discovered:
D:1:      heliophobic_arrival_dark_side_of_the_moon, layout_loops_ring,
          minmay_strange_pillars, minmay_misc_feat_tiny
D:2:      layout_loops_corners
D:3:      layout_basic, grunt_decor_cap, nicolae_underground_beach
D:4:      wad_pebble_path, layout_loops_ring, mainiacjoe_overflow_24_doors,
          temple_pool_b

Skill      XL: |  1  2  3 |
---------------+----------+-----
Fighting       | 3 4 |  4.6
Short Blades   | |  2.6
Throwing       | |  1.7
Dodging        | |  2.6

Action                     |  1- 3 |  4- 6 || total
---------------------------+-------+-------++-------
  Melee: Rapier            |    70 |       ||    70
         Dagger            |   114 |    47 ||   161
         Kick              |    35 |    19 ||    54
         Punch             |     1 |       ||     1
  Throw: Throwing net      |       |     1 ||     1
    Use: Scroll            |       |     7 ||     7
 Armour: Leather armour    |    76 |    27 ||   103
  Dodge: Dodged            |    79 |    18 ||    97
  Block: Other             |     9 |     9 ||    18

Table legend: (Time is in decaauts)
 A = Elapsed time spent in this place.
 B = Non-inter-level travel time spent in this place.
 C = Inter-level travel time spent in this place.
 D = Time resting spent in this place.
 E = Time spent auto-exploring this place.
 F = Levels seen in this place.
 G = Mean time per level.
                   A        B        C        D        E       F      G
               +--------+--------+--------+--------+--------+-----+--------+
         Total |   2566 |   2451 |    115 |    196 |   1833 |   4 |  641.5 |
       Dungeon |   2566 |   2451 |    115 |    196 |   1833 |   4 |  641.5 |
               +--------+--------+--------+--------+--------+-----+--------+

Top non-repeatable levels by time:
     D:2: 1094 daAuts
     D:1: 794 daAuts
     D:3: 577 daAuts
     D:4: 99 daAuts
